 Seeded DCSS version 0.31-a0-496-g6f97920a28 (webtiles) character file.

Game seed: 7415222406553760909 (custom seed)

4 innerfire43 the Changeling (level 1, -2/9 HPs)
             Began as a Felid Shapeshifter on Aug 8, 2023.
             Slain by a quokka (3 damage)
             ... on level 1 of the Dungeon.
             The game lasted 00:00:11 (67 turns).

innerfire43 the Changeling (Felid Shapeshifter)       Turns: 67, Time: 00:00:12

Health: -2/9       AC:  1    Str: 11    XL:     1   Next: 50%
Magic:  2/2        EV: 17    Int:  9    God:
Gold:   17         SH:  0    Dex: 16    Spells: 0/0 levels left
                                        Lives:  0   Deaths: 0

rFire   . .          .
                       - Unarmed
rCold   . . .        (shield unavailable)
rNeg    . . .        (body armour unavailable)
rPois   .            (helmet unavailable)
rElec   .            (cloak unavailable)
rCorr   .            (gloves unavailable)
SInv    +            (boots unavailable)
Will    .....        (no amulet)
Stlth   +            (no ring)
HPRegen 0.21/turn    (no ring)
MPRegen 0.08/turn

%: no passive effects
@: beast-form, quick
A: beast (slay +2), very small, claws 1, fangs 3, see invisible, speed 1, shaggy
fur 1, stealthy paws, no weapons or thrown items, no armour, multi-lived
a: Begin Untransformation


You were on level 1 of the Dungeon.
You were a hulking beast.
You visited 1 branch of the dungeon, and saw 1 of its levels.

You collected 17 gold pieces.

Inventory:

Jewellery
 d - a ring of wizardry
Talismans
 b - a beast talisman (active)
 c - a flux talisman
Potions
 a - a potion of lignification
 e - a potion of curing {unknown}


   Skills:
 - Level 1.0 Fighting
 + Level 2.9 Dodging
 - Level 3.0 Unarmed Combat
 * Level 3.4 Shapeshifting


You couldn't memorise any spells.
You didn't know any spells.
Your spell library was empty.

Dungeon Overview and Level Annotations

Branches:
Dungeon (1/15)

Altars:


Innate Abilities, Weirdness & Mutations

You are a hulking beast.
Your limbs bulge with bestial killing power. (Slay +2)
You have sharp claws.
You have razor-sharp teeth.
You have supernaturally acute eyesight. (SInv)
You cover ground quickly. (Speed+)
You are covered in fur. (AC +1)
Your paws help you pounce on unaware monsters.
You are incapable of wielding weapons or throwing items.
You cannot wear armour.
You gain extra lives every three experience levels.


Message History

The ball python closely misses you. The ball python constricts you.
A ball python is nearby!
You scratch the ball python.
The ball python is severely wounded.
The ball python completely misses you. The ball python constricts you.
A ball python is nearby!
You scratch the ball python.
You kill the ball python!
HP restored.
Found two stone staircases leading down.
No target in view!
e - a brown potion No target in view!
A quokka comes into view.
A quokka is nearby! 2 jackals come into view.
Found a whip.
The jackal barks!
A bat comes into view.
The jackal moves out of view.
The bat moves out of view.
There are monsters nearby!
A jackal comes into view.
The jackal barks!
There are monsters nearby!
You closely miss the quokka. The quokka misses you.
A hobgoblin comes into view.
There are monsters nearby!
You barely miss the quokka. The quokka bites you.
Ouch! That really hurt!
There are monsters nearby!
You are too injured to fight recklessly!
The quokka closely misses you. The jackal bites you.
* * * LOW HITPOINT WARNING * * *
A rat comes into view.
There is a stone staircase leading down, spattered with blood here.
Unknown command.
The quokka misses you. The jackal bites you.
* * * LOW HITPOINT WARNING * * *
The jackal barely misses you. The quokka bites you.
You die...

#### #.. ###.#....#.#
#.... #.# ##.....#....
#..b.. #.####...#.......
.r....##............#...
........$.......#####...
##....#...........###...
......h........)...###.#
......hh..####..#..##...
...g..rh.## #..######.#
......>..# #†.# ..
.........# #.## #
#...###### ... #..# ...
#.. ..... ## .....
.......


You could see a quokka, 3 jackals, a hobgoblin, a bat (wandering) and a rat
(wandering).

Vanquished Creatures
  A bat (D:1)
  A goblin (D:1)
  A ball python (D:1)
  A rat (D:1)
4 creatures vanquished.

Notes
Turn   | Place    | Note
-------+----------+-------------------------------------------
     0 | D:1      | innerfire43 the Felid Shapeshifter began the quest for the
                  | Orb.
     0 | D:1      | Reached XP level 1. HP: 9/9 MP: 2/2
    67 | D:1      | Slain by a quokka

Illustrated notes

Levels and vault maps discovered:
D:1:      spicycebolla_green_bress_n_ham_2, layout_rooms, serial_shops, shop,
          minmay_misc_feat_hallway

Action                     || total
---------------------------++-------
  Melee: Unarmed           ||    11
         Bite              ||     1
 Armour: Skin              ||     1
  Dodge: Dodged            ||    12

Table legend: (Time is in decaauts)
 A = Elapsed time spent in this place.
 B = Non-inter-level travel time spent in this place.
 C = Inter-level travel time spent in this place.
 D = Time resting spent in this place.
 E = Time spent auto-exploring this place.
 F = Levels seen in this place.
 G = Mean time per level.
                   A        B        C        D        E       F      G
               +--------+--------+--------+--------+--------+-----+--------+
         Total |     59 |     59 |      0 |      0 |     33 |   1 |   59.0 |
       Dungeon |     59 |     59 |      0 |      0 |     33 |   1 |   59.0 |
               +--------+--------+--------+--------+--------+-----+--------+

Top non-repeatable levels by time:
     D:1: 59 daAuts
